 Dungeon Crawl Stone Soup version 0.18-b1-22-ge198996 (webtiles) character file.

155 Chiseanne the Magician (level 5, 35/35 HPs)
             Began as a Demonspawn Wizard on May 4, 2016.
             Quit the game on level 3 of the Dungeon.
             The game lasted 00:04:55 (2459 turns).

Chiseanne the Magician (Demonspawn Wizard)          Turns: 2459, Time: 00:04:55

Health: 35/35      AC:  7    Str:  7    XL:     5   Next: 14%
Magic:  5/11       EV: 11    Int: 20    God:
Gold:   178        SH:  0    Dex: 12    Spells: 5 memorised, 1 level left

rFire  . . .     SeeInvis .     f - +0 short sword (elec)
rCold  . . .     Gourm    .     n - +0 leather armour
rNeg   . . .     Faith    .     (no shield)
rPois  .         Spirit   .     r - +2 hat
rElec  .         Dismiss  .     (no cloak)
rCorr  +         Reflect  .     o - +0 pair of gloves
SustAt .         Harm     .     e - +0 pair of boots
MR     .....                    (no amulet)
Stlth  ++........               (no ring)
                                i - ring of resist corrosion

@: repel missiles, not resistant to hostile enchantments, unstealthy
A: claws 1, spiny 1
a: no special abilities


You were on level 3 of the Dungeon.
You were not hungry.

You visited 1 branch of the dungeon, and saw 3 of its levels.

You collected 178 gold pieces.

Inventory:

Hand Weapons
 f - a +0 short sword of electrocution (weapon)
Missiles
 g - 25 bolts
 h - 184 stones (quivered)
 j - 7 sling bullets
 q - 25 arrows
 u - 4 tomahawks
Armour
 e - a +0 pair of boots (worn)
 n - a +0 leather armour (worn)
 o - a +0 pair of gloves (worn)
 r - a +2 hat (worn)
Jewellery
 i - a ring of resist corrosion (left hand)
Scrolls
 y - a scroll of teleportation
Potions
 l - a potion of invisibility {unknown}
 m - a potion of ambrosia {unknown}
 p - 2 potions of resistance
 z - a potion of heal wounds
 B - a potion of curing
Books
 c - a book of Minor Magic

   Spells                             Type                      Level
   a - Magic Dart                     Conjuration                  1
   b - Blink                          Translocation                2
   c - Call Imp                       Summoning                    2
   d - Repel Missiles                 Charms/Air                   2
   e - Slow                           Hexes                        2
   f - Conjure Flame                  Conjuration/Fire             3
   g - Mephitic Cloud                 Conjuration/Poison/Air       3
Comestibles
 a - 3 chunks of flesh
 b - 4 fruits
 d - 2 bread rations
 v - a meat ration
 w - a beef jerky


   Skills:
 * Level 1.0 Armour
 - Level 1.7 Dodging
 - Level 1.7 Stealth
 * Level 4.4 Spellcasting
 * Level 3.2 Conjurations
 - Level 1.0 Summonings
   Level 0.8 Translocations


You had one spell level left.
You knew the following spells:

 Your Spells              Type           Power        Failure   Level  Hunger
a - Magic Dart            Conj           ###.         6%          1    None
b - Call Imp              Summ           #.......     21%         2    #......
c - Repel Missiles        Chrm/Air       #.....       28%         2    #......
d - Mephitic Cloud        Conj/Pois/Air  #.......     38%         3    ###....
e - Conjure Flame         Conj/Fire      ##......     30%         3    ###....


Dungeon Overview and Level Annotations

Branches:
Dungeon (3/15)

Altars:
Cheibriados
Ru


Innate Abilities, Weirdness & Mutations

You have sharp fingernails.
You are partially covered in sharp spines.


Message History

Aiming: Magic Dart
Press: ? - help, Shift-Dir - straight line, f/p - orc priest
Aim: an orc priest, wielding a flail (confused)
The magic dart hits the orc priest.
The orc priest is lightly wounded.
The orc priest chortles and stares into space.
The orc priest seems less confused.
The orc priest is struck by your spines.
The orc priest barely misses you.
Your magical contamination has completely faded away.
You closely miss the orc priest.
The orc priest is severely wounded.
The orc priest closely misses you.
You hit the orc priest.
You kill the orc priest!
Your Armour skill increases to level 1!
You have reached level 5!
Your demonic ancestry asserts itself...
Your fingernails lengthen.
Are you sure you want to abandon this character and quit the game? (Confirm with "yes".)

#..# #..# #..# ###
#..# ..##.. #..#
...... #..### ######
#.)..# .....# ######@#
####.## #?.....# .
...# #.###..# # #..#
#.#....# # #..#
#.#.#.## ####..#
#o#)#... .o>o..#
#.#<########
#####o#####.#........#
#####..o..o.########.#


There were no monsters in sight!

Vanquished Creatures
  2 orc priests (D:3)
  Ijyb (D:2)
  2 adders (D:2)
  An ooze (D:2)
  A worm (D:2)
  A dart slug (D:1)
  A giant gecko (D:1)
  An orc (D:3)
  6 bats
  A giant cockroach (D:1)
  5 goblins
  A hobgoblin (D:2)
  4 jackals (D:2)
  2 quokkas (D:3)
  3 ball pythons
  4 giant newts
  7 kobolds
  2 rats (D:2)
45 creatures vanquished.

Notes
Turn   | Place    | Note
--------------------------------------------------------------
     0 | D:1      | Chiseanne the Demonspawn Wizard began the quest for the Orb.
     0 | D:1      | Reached XP level 1. HP: 13/13 MP: 4/4
   475 | D:1      | Found a snail-covered altar of Cheibriados.
   486 | D:1      | Gained mutation: You are partially covered in sharp spines. [demonic ancestry]
   486 | D:1      | Reached XP level 2. HP: 19/19 MP: 3/6
  1237 | D:2      | Reached XP level 3. HP: 21/24 MP: 7/7
  1980 | D:3      | Reached skill level 4 in Spellcasting
  2110 | D:3      | Reached XP level 4. HP: 30/30 MP: 10/10
  2241 | D:3      | Noticed Ijyb
  2246 | D:3      | Found a sacrificial altar of Ru.
  2297 | D:2      | Killed Ijyb
  2402 | D:2      | Learned a level 2 spell: Call Imp
  2405 | D:2      | Learned a level 2 spell: Repel Missiles
  2426 | D:2      | Learned a level 3 spell: Mephitic Cloud
  2430 | D:2      | Learned a level 3 spell: Conjure Flame
  2458 | D:3      | Reached skill level 1 in Armour
  2458 | D:3      | Gained mutation: You have sharp fingernails. [demonic ancestry]
  2458 | D:3      | Reached XP level 5. HP: 35/35 MP: 5/11
  2459 | D:3      | Quit the game

Skill      XL: |  1  2  3  4 |
---------------+-------------+-----
Conjurations   | 2 3 |  3.2
Spellcasting   | 4 |  4.4
Armour         | 1 |  1.0
Dodging        | |  1.7
Stealth        | |  1.7
Summonings     | |  1.0
Translocations | |  0.8

Action                   |  1- 3 |  4- 6 || total
-------------------------+-------+-------++-------
Melee: Unarmed           |    13 |       ||    13
       Dagger            |    50 |       ||    50
       Short sword       |       |    14 ||    14
 Cast: Magic Dart        |    10 |     1 ||    11
       Mephitic Cloud    |       |     1 ||     1
       Repel Missiles    |       |     1 ||     1
  Use: Scroll            |    10 |     1 ||    11
 Stab: Sleeping          |     1 |       ||     1
  Eat: Chunk             |     4 |     1 ||     5
Armor: Robe              |     2 |       ||     2
       Leather armour    |    14 |     5 ||    19
Dodge: Dodged            |    28 |    10 ||    38
